 Dungeon Crawl Stone Soup version 0.31.0-4-g52a2dc7128 (webtiles) character file.

Game seed: 10553055293983116609

1731 Skitler the Cleaver (level 8, 0/71 HPs)
             Began as a Minotaur Berserker on Jan 23, 2024.
             Was a Believer of Trog.
             Drowned by a water elemental (6 damage)
             ... on level 6 of the Dungeon.
             The game lasted 00:10:28 (6504 turns).

Skitler the Cleaver (Minotaur Berserker)            Turns: 6504, Time: 00:10:28

Health: 0/71       AC:  8    Str: 24    XL:     8   Next: 76%
Magic:  7/7        EV: 11    Int:  4    God:    Trog [**....]
Gold:   303        SH:  0    Dex: 10    Spells: 7/7 levels left

rFire   . . .        A - +5 hand axe
rCold   . . .        (no shield)
rNeg    . . .        h - +0 scale mail
rPois   .            (helmet restricted)
rElec   .            (no cloak)
rCorr   +            (no gloves)
SInv    .            (no boots)
Will    +....        (no amulet) Stlth
                     g - ring of resist corrosion
HPRegen 0.31/turn    l - ring of willpower
MPRegen 0.10/turn

%: no passive effects
@: engulfed (cannot breathe)
A: horns 2, retaliatory headbutt
a: Renounce Religion, Berserk, Trog's Hand


You were on level 6 of the Dungeon.
You worshipped Trog.
Trog was pleased with you.
You visited 1 branch of the dungeon, and saw 7 of its levels.

You collected 303 gold pieces.

Inventory:

Hand Weapons
 a - a +0 hand axe
 A - a +5 hand axe (weapon)
Armour
 b - a +0 animal skin
 h - a +0 scale mail (worn)
Jewellery
 g - a ring of resist corrosion (left hand)
 l - a ring of willpower (right hand)
 t - a ring of ice
 w - an amulet of magic regeneration
Talismans
 C - a blade talisman
Wands
 j - a wand of mindburst (4)
Scrolls
 c - 10 scrolls of identify {unknown}
 f - a scroll of vulnerability {unknown}
 i - a scroll of enchant armour {unknown}
 k - a scroll of fear {unknown}
 m - 2 scrolls of teleportation {unknown}
 n - a scroll of torment {unknown}
 o - a scroll of enchant weapon {unknown}
 q - a scroll of blinking {unknown}
 r - a scroll of revelation {unknown}
 v - a scroll of poison {unknown}
 x - a scroll of acquirement {unknown}
 y - a scroll of fog {unknown}
Potions
 d - a potion of degeneration {unknown}
 p - 2 potions of enlightenment {unknown}
 s - a potion of haste {unknown}
 u - a potion of attraction {unknown}
 z - 2 potions of invisibility {unknown}
 B - a potion of cancellation {unknown}


   Skills:
 + Level 6.8 Fighting
 + Level 9.3 Axes
 + Level 8.2 Armour
 + Level 3.8 Dodging


You had 7 spell levels left.
You didn't know any spells.
Your spell library was empty.

Dungeon Overview and Level Annotations

Branches:
Dungeon (7/15)             Temple (0/1) D:4

Altars:
Hepliaklqana
Kikubaaqudgha
Makhleb
Xom
Yredelemnul
Zin

Shops:
D:1 (

Annotations:
D:7 Pikel


Innate Abilities, Weirdness & Mutations

You have a pair of horns on your head.
You reflexively headbutt those who attack you in melee.


Message History

Your lungs strain for air!
The orc warrior attacks as it pursues you!
The orc warrior barely misses you. The water elemental misses you.
There is a stone staircase leading up here.
Your lungs strain for air!
The water elemental barely misses you.
The orc warrior hits you from afar with a +0 trident.
The water elemental closely misses you.
You climb upwards.
The water engulfing you falls away.
You gasp with relief as air once again reaches your lungs.
There is a stone staircase leading down here.
The water elemental attacks as it pursues you!
The water elemental closely misses you. You furiously retaliate!
You headbutt the water elemental!
The water elemental attacks as it pursues you!
The water elemental hits you!
* * * LOW HITPOINT WARNING * * *
The water elemental engulfs you in water!
You hit the water elemental.
The water elemental is moderately damaged.
* * * LOW HITPOINT WARNING * * *
Your lungs strain for air!
The water elemental closely misses you.
You cannot call out to Trog while unable to breathe.
You hit the water elemental but do no damage.
You headbutt the water elemental.
The water elemental is heavily damaged.
* * * LOW HITPOINT WARNING * * *
Your lungs strain for air!
The water elemental closely misses you. You furiously retaliate!
You headbutt the water elemental.
Okay, then.
Okay, then.
Throw: throwing net
Press: ? - help, Q - select action, (/) - cycle Shift-Dir - straight line, f - water elemental
Aim: a water elemental (severely damaged, 68% to hit)
You throw a throwing net.
The throwing net barely misses the water elemental.
The throwing net closely misses the water elemental.
You die...

######<.........#......
#.....(..###.#..#.#####
#........###.#..#.#
#........'...#..#.# ######
#........#####..#.#
.....######).......#####..#'##
................E..#.........#
.......#########E###.........#
.......# #@# #.........####
.......# #.# ########......
####'### #.# ####### #.#####
#.# #.....# #.# #.....# #.#
#.....# #.# #.....# ##'####
#.....# #.....#


You could see 2 water elementals.

Vanquished Creatures
  The ghost of snydleywhiplash the Cleaver, an amateur MiFi (D:4)
  A human (D:4)
  Edmund (D:5)
  3 sky beasts
  An ice beast (D:5)
  An ogre (D:6)
  2 centaurs (D:6)
  A phantom (D:6)
  A lemure (D:6)
  3 scorpions
  4 wights (D:6)
  A bombardier beetle (D:4)
  A hound (D:6)
  3 iguanas
  An orc wizard (D:4)
  10 adders
  A white imp (D:3)
  2 dart slugs
  5 orcs
  7 ball pythons
  3 bats
  7 endoplasms
  3 giant cockroaches
  6 goblins
  6 hobgoblins (D:4)
  6 jackals
  2 quokkas
  3 frilled lizards
  6 kobolds
  A kobold zombie (D:4)
  5 rats
98 creatures vanquished.

Notes
Turn   | Place    | Note
-------+----------+-------------------------------------------
     0 | D:1      | Skitler the Minotaur Berserker began the quest for the Orb.
     0 | D:1      | Reached XP level 1. HP: 19/19 MP: 0/0
   541 | D:1      | Reached XP level 2. HP: 27/27 MP: 1/1
   545 | D:1      | Reached skill level 4 in Axes
   686 | D:1      | Found Efyroj's Antique Weapon Shoppe.
   966 | D:2      | Reached XP level 3. HP: 29/33 MP: 2/2
  1092 | D:2      | Reached ** piety under Trog
  1911 | D:3      | Reached XP level 4. HP: 32/41 MP: 3/3
  2204 | D:3      | Found an ancient bone altar of Kikubaaqudgha.
  2385 | D:4      | Reached skill level 5 in Axes
  2614 | D:4      | Found a large runed translucent door.
  2614 | D:4      | Found a large runed translucent door.
  2616 | D:4      | Noticed snydleywhiplash's ghost (amateur MiFi)
  2618 | D:4      | Found a runed translucent door.
  2618 | D:4      | Noticed a human
  2626 | D:4      | Reached XP level 5. HP: 47/47 MP: 4/4
  2646 | D:4      | Noticed a sky beast
  2654 | D:4      | Killed a sky beast
  2655 | D:4      | Reached skill level 6 in Axes
  2655 | D:4      | Reached XP level 6. HP: 55/55 MP: 5/5
  2935 | D:4      | Found a shimmering altar of Xom.
  2983 | D:4      | Found a basalt altar of Yredelemnul.
  3363 | D:4      | Killed a human
  3566 | D:4      | Found a staircase to the Ecumenical Temple.
  3636 | D:4      | Killed snydleywhiplash's ghost
  3637 | D:4      | Reached skill level 5 in Fighting
  3637 | D:4      | Reached skill level 5 in Armour
  3637 | D:4      | Reached XP level 7. HP: 44/61 MP: 6/6
  3761 | D:5      | Entered Level 5 of the Dungeon
  3817 | D:5      | Found a glowing silver altar of Zin.
  4027 | D:5      | Reached skill level 7 in Axes
  4230 | D:5      | Noticed Edmund
  4248 | D:5      | Killed Edmund
  4335 | D:5      | You fall into a shaft and drop 2 floors!
  4336 | D:7      | Noticed Pikel
  4422 | D:6      | Reached XP level 8. HP: 29/70 MP: 7/7
  4597 | D:5      | Found a burning altar of Makhleb.
  5261 | D:6      | Reached skill level 8 in Axes
  5322 | D:6      | Found a hazy altar of Hepliaklqana.
  6052 | D:6      | Reached skill level 9 in Axes
  6504 | D:6      | Drowned by a water elemental

Illustrated notes

Levels and vault maps discovered:
D:1:      nicolae_arrival_somewhat_less_tricky_arrival, layout_loops_ring,
          serial_shops, nicolae_shop_rolling_square, st_stairs_4
D:2:      layout_loops_ring, serial_forest, infiniplex_forest_clump_small,
          infiniplex_forest_clump_diagonal, infiniplex_forest_lined_4_way,
          infiniplex_forest_side_room, infiniplex_forest_straight_5,
          infiniplex_forest_end_2, infiniplex_forest_clump_diagonal,
          infiniplex_forest_fountain
D:3:      layout_loops_ring, nicolae_kikubaaqudgha_miasma_corner
D:4:      layout_basic, lemuel_coloured_pillars_altar, dk_yredelemnul_ordeal,
          lemuel_temple_firewalk_a, ebering_ghost_disaster_area
D:5:      layout_layer_cave, zin_statuary, mainiacjoe_overflow_surrounded_room,
          uniq_edmund
D:6:      layout_basic, mainiacjoe_overflow_24_doors
D:7:      layout_basic, eino_curves_03, grunt_decor_one_mirror,
          nicolae_rank_and_phial, uniq_pikel

Skill      XL: |  1  2  3  4  5  6  7  8 |
---------------+-------------------------+-----
Axes           | 4 5 6 7 9 |  9.3
Fighting       | 4 5 6 |  6.8
Armour         | 3 4 5 7 8 |  8.2
Dodging        | 3 |  3.8

Action                     |  1- 3 |  4- 6 |  7- 9 || total
---------------------------+-------+-------+-------++-------
  Melee: Hand axe          |    78 |    94 |   130 ||   302
         Headbutt          |    11 |    15 |    23 ||    49
         Punch             |       |       |     1 ||     1
  Throw: Throwing net      |     1 |       |     2 ||     3
 Invoke: Berserk           |       |     2 |     2 ||     4
 Armour: Scale mail        |    51 |    60 |   107 ||   218
         Animal skin       |     2 |       |       ||     2
  Dodge: Dodged            |    40 |    34 |    58 ||   132
